 Dungeon Crawl Stone Soup version 0.26-a0-810-ge1a9524b62 (webtiles) character file.

Game seed: 7911934519999092738

212 snetch the Chopper (level 5, -1/47 HPs)
             Began as a Hill Orc Monk on Nov 12, 2020.
             Slain by an ogre
             ... wielding a +0 giant spiked club
              (9 damage)
             ... on level 4 of the Dungeon.
             The game lasted 00:10:19 (2803 turns).

snetch the Chopper (Hill Orc Monk)                  Turns: 2803, Time: 00:10:20

Health: -1/47      AC: 17    Str: 15    XL:     5   Next: 90%
Magic:  5/5        EV:  7    Int: 10    God:
Gold:   217        SH:  0    Dex: 13    Spells: 4/4 levels left

rFire    . . .     SeeInvis .   b - +0 flail (protect)
rCold    . . .     Faith    .   (no shield)
rNeg     . . .     Spirit   .   m - +0 chain mail
rPois    +         Reflect  .   (no helmet)
rElec    .         Harm     .   (no cloak)
rCorr    +         Rampage  .   (no gloves)
MR       .....                  i - +0 pair of boots
Stlth    ..........             o - amulet of the acrobat
HPRegen  0.15/turn              d - ring of resist corrosion
MPRegen  0.09/turn              A - ring of poison resistance

@: protection aura
A: no striking features
a: no special abilities


You were on level 4 of the Dungeon.
You visited 1 branch of the dungeon, and saw 4 of its levels.

You collected 217 gold pieces.

Inventory:

Hand Weapons
 a - a +0 hand axe
 b - a +0 flail of protection (weapon)
 q - a +0 dagger of electrocution
Missiles
 g - 42 arrows
 j - 93 stones
 k - 7 javelins
 p - 11 boomerangs
 t - 24 sling bullets
 x - 20 poisoned darts (quivered)
Armour
 i - a +0 pair of boots (worn)
 m - a +0 chain mail (worn)
Jewellery
 d - a ring of resist corrosion (left hand)
 o - an amulet of the acrobat (around neck)
 A - a ring of poison resistance (right hand)
Scrolls
 c - a scroll of blinking {unknown}
 e - 3 scrolls of identify {unknown}
 h - a scroll of random uselessness {unknown}
 l - 2 scrolls of immolation {unknown}
 r - 5 scrolls of remove curse {unknown}
 u - a scroll of fog {unknown}
 v - 2 scrolls of enchant weapon {unknown}
 y - a scroll of magic mapping {unknown}
Potions
 f - 4 potions of curing {unknown}
 n - 2 potions of berserk rage {unknown}
 s - 3 potions of brilliance {unknown}
 w - a potion of heal wounds {unknown}
 z - a potion of haste {unknown}


   Skills:
 + Level 4.3 Fighting
 + Level 5.6 Axes
 + Level 3.5 Armour
 + Level 3.0 Dodging
 + Level 2.0 Stealth


You had 4 spell levels left.
You didn't know any spells.
Your spell library was empty.

Dungeon Overview and Level Annotations

Branches:
Dungeon (4/15)
 Temple: D:4-7

Altars:
Gozag
Makhleb
Nemelex Xobeh
Sif Muna
Trog
Vehumet
Wu Jian
Zin


Message History

Something hits you but does no damage.
You barely miss the ogre.
The ogre is lightly wounded.
The ogre hits you with a +0 giant spiked club!
* * * LOW HITPOINT WARNING * * *
Something hits you but does no damage.
Unknown command.
Found an inky potion.
You see here an inky potion.
The ogre misses you.
A giant cockroach comes into view.
The giant cockroach completely misses you.
Something tries to affect you, but you resist.
The giant cockroach bites you but does no damage.
You hit the giant cockroach.
Your weapon exudes an aura of protection.
The giant cockroach is almost dead.
The giant cockroach bites you but does no damage.
The ogre hits you with a +0 giant spiked club!
You die...

#. .# #.#
######...#
#.#
##.O@B....#
#.#
###{.####...#
#.# #...## .#
#.#####.###
##...!...#
##...######
#...##
....#.# .##
#.###


You could see an ogre and a giant cockroach.

Vanquished Creatures
  4 orc wizards
  3 adders
  2 oozes
  2 worms
  A leopard gecko (D:1)
  7 orcs
  7 goblins
  6 hobgoblins
  4 quokkas
  A ball python (D:2)
  7 bats
  4 frilled lizards
  4 kobolds
  6 rats
58 creatures vanquished.

Notes
Turn   | Place    | Note
-------+----------+-------------------------------------------
     0 | D:1      | snetch the Hill Orc Monk began the quest for the Orb.
     0 | D:1      | Reached XP level 1. HP: 19/19 MP: 1/1
   477 | D:2      | Reached XP level 2. HP: 27/27 MP: 2/2
   622 | D:1      | Found a sparkling altar of Nemelex Xobeh.
   947 | D:2      | Reached XP level 3. HP: 29/33 MP: 3/3
  1134 | D:1      | Reached XP level 4. HP: 40/40 MP: 4/4
  1531 | D:2      | Found a shimmering blue altar of Sif Muna.
  1726 | D:2      | Found a bloodstained altar of Trog.
  1726 | D:2      | Found an opulent altar of Gozag.
  1726 | D:2      | Found an ornate altar of the Wu Jian Council.
  1726 | D:2      | Found a burning altar of Makhleb.
  1737 | D:2      | Found a radiant altar of Vehumet.
  1739 | D:2      | Found a glowing silver altar of Zin.
  1904 | D:3      | Reached skill level 1 in Armour
  2082 | D:3      | Reached skill level 5 in Axes
  2484 | D:3      | Reached XP level 5. HP: 43/47 MP: 5/5
  2761 | D:4      | Noticed an ogre
  2803 | D:4      | Slain by an ogre

Illustrated notes

Levels and vault maps discovered:
D:1:      minmay_arrival_stone_box, layout_loops_corners,
          nemelex_xobeh_ov_fountains_minmay
D:2:      layout_rooms, led_sif_pool, minmay_overflow_temple_hex,
          minmay_pentomino_s4
D:3:      layout_rooms, chequers_avenue, minmay_bisected
D:4:      layout_rooms

Skill      XL: |  1  2  3  4  5 |
---------------+----------------+-----
Fighting       | 4 |  4.3
Armour         | 2 3 |  3.5
Axes           | 5 |  5.6
Stealth        | 2 |  2.0
Dodging        | 3 |  3.0

Action                   |  1- 3 |  4- 6 || total
-------------------------+-------+-------++-------
Melee: Dagger            |    61 |    35 ||    96
       Hand axe          |    23 |    77 ||   100
       Flail             |       |    27 ||    27
 Stab: Sleeping          |     2 |       ||     2
Armor: Robe              |     2 |       ||     2
       Chain mail        |    41 |    92 ||   133
Dodge: Dodged            |    29 |    48 ||    77

Table legend: (Time is in decaauts)
 A = Elapsed time spent in this place.
 B = Non-inter-level travel time spent in this place.
 C = Inter-level travel time spent in this place.
 D = Time resting spent in this place.
 E = Time spent auto-exploring this place.
 F = Levels seen in this place.
 G = Mean time per level.
                   A        B        C        D        E       F      G
               +--------+--------+--------+--------+--------+-----+--------+
         Total |   2821 |   2681 |    140 |     38 |   1704 |   4 |  705.2 |
       Dungeon |   2821 |   2681 |    140 |     38 |   1704 |   4 |  705.2 |
               +--------+--------+--------+--------+--------+-----+--------+

Top non-repeatable levels by time:
     D:1: 1117 daAuts
     D:3: 911 daAuts
     D:2: 592 daAuts
     D:4: 200 daAuts
